 Dungeon Crawl Stone Soup version 0.28-a0-631-g0446da8ef9 (webtiles) character file.

Game seed: 9315103892654464768

154 timneilson the Covered (level 5, -1/49 HPs)
             Began as a Deep Dwarf Fighter on Oct 9, 2021.
             Killed by nerve-wracking pain
             ... invoked by Grinder
              (11 damage)
             ... while paralysed by Grinder
             ... on level 3 of the Dungeon.
             The game lasted 00:03:31 (1709 turns).

timneilson the Covered (Deep Dwarf Fighter)         Turns: 1709, Time: 00:03:31

Health: -1/49      AC:  8    Str: 20    XL:     5   Next: 13%
Magic:  5/5        EV:  2    Int:  9    God:
Gold:   28         SH:  0    Dex: 12    Spells: 4/4 levels left

rFire   + . .      SeeInvis .   a - +0 long sword
rCold   . . .      Faith    .   c - +0 buckler
rNeg    . . .      Spirit   .   i - +1 scale mail {rF+}
rPois   .          Reflect  .   (no helmet)
rElec   .          Harm     .   (no cloak)
rCorr   .          Rampage  .   (no gloves)
Will    .....                   (no boots)
Stlth   ..........              (no amulet)
HPRegen 0.00/turn               (no ring)
MPRegen 0.09/turn               (no ring)

@: paralysed, mighty
A: damage resistance, heal wounds, sense surroundings 1, no regeneration
a: Heal Wounds


You were on level 3 of the Dungeon.
You visited 1 branch of the dungeon, and saw 3 of its levels.

You collected 28 gold pieces.

Inventory:

Hand Weapons
 a - a +0 long sword (weapon)
Armour
 c - a +0 buckler (worn)
 i - a +1 scale mail of fire resistance (worn)
Scrolls
 e - a scroll of magic mapping {unknown}
 g - a scroll of fear {unknown}
 h - a scroll of amnesia {unknown}
Potions
 f - a potion of brilliance {unknown}


   Skills:
 + Level 3.2 Fighting
 * Level 3.1 Long Blades
 * Level 4.3 Armour
 + Level 1.6 Dodging
 * Level 4.1 Shields


You had 4 spell levels left.
You didn't know any spells.
Your spell library was empty.

Dungeon Overview and Level Annotations

Branches:
Dungeon (3/15)

Altars:

Shops:
D:2 [((?!

Annotations:
D:3 Grinder


Innate Abilities, Weirdness & Mutations

You are resistant to damage.
You can heal yourself by infusing magical energy.
You passively map a small area around you.
You do not regenerate.


Message History

You have reached level 5!
Grinder comes into view.
Grinder shouts!
You hear an angry hiss.
You hit Grinder but do no damage. Grinder gestures at you.
You struggle to resist.
You feel very mighty all of a sudden. Grinder hits you but does no damage.
A frilled lizard comes into view.
You slash Grinder!
Grinder is lightly wounded.
Grinder gestures at you. You resist with some effort.
Grinder says, "Tell me all your secrets, or I'll kill you."
Grinder hits you.
You writhe in agony.
You barely miss Grinder.
Grinder is lightly wounded.
Grinder hits you!
You writhe in agony.
You slash Grinder!
Grinder is heavily wounded.
A kobold comes into view. It is wielding a +0 dagger.
Grinder hits you.
The kobold shouts!
You slash Grinder!
Grinder is severely wounded.
Grinder gestures at you.
You suddenly lose the ability to move!
Grinder says, "FISH!"
Grinder hits you.
You writhe in agony.
* * * LOW HITPOINT WARNING * * *
Grinder hits you.
* * * LOW HITPOINT WARNING * * *
You writhe in agony.
* * * LOW HITPOINT WARNING * * *
Grinder hits you.
You writhe in agony.
Grinder hits you. Grinder barely misses you. Grinder gestures at you.
Pain shoots through your body!
You die...

#..........########
#.###..............
#.# #.###########..
#.# #.# #..... #.#
#.# #.#### ##.###.##
#.# # ##...#...# #.#
# #.....#.#.## #.####
#...@##.##.## #.#...
#.##.5rK....####.#.##
#. #.##.##....)..#,
#. #..#...######## #.
#.#.....# * , #.
#.##.#... * #.......#
#####.... , , * * *
#..### ,,


You could see Grinder, a quokka and a kobold.

Vanquished Creatures
  A howler monkey (D:3)
  Terence (D:2)
  3 adders
  A dart slug (D:1)
  6 orcs
  4 ball pythons
  3 bats
  3 endoplasms
  3 giant cockroaches
  6 goblins
  4 hobgoblins
  4 jackals (D:1)
  2 kobolds (D:1)
  3 quokkas (D:1)
  2 frilled lizards (D:1)
  6 rats
52 creatures vanquished.

Notes
Turn   | Place    | Note
-------+----------+-------------------------------------------
     0 | D:1      | timneilson the Deep Dwarf Fighter began the quest for the
                  | Orb.
     0 | D:1      | Reached XP level 1. HP: 20/20 MP: 1/1
    99 | D:1      | Reached XP level 2. HP: 25/27 MP: 2/2
   629 | D:1      | Reached XP level 3. HP: 22/33 MP: 3/3
   755 | D:1      | Reached skill level 1 in Dodging
   973 | D:2      | Found Yfousmofa's Distillery.
  1018 | D:2      | Found Ruejudyr's Magic Scroll Emporium.
  1189 | D:2      | Found Qesutum's Armour Shoppe.
  1327 | D:2      | Noticed Terence
  1342 | D:2      | Killed Terence
  1343 | D:2      | Reached XP level 4. HP: 23/42 MP: 4/4
  1394 | D:2      | Found Zalotuy's Antique Weapon Boutique.
  1417 | D:2      | Found Ikyll's Weapon Boutique.
  1681 | D:3      | Reached XP level 5. HP: 31/49 MP: 5/5
  1695 | D:3      | Noticed Grinder
  1703 | D:3      | Paralysed by Grinder for 7 turns
  1709 | D:3      | Killed from afar by Grinder

Illustrated notes

Levels and vault maps discovered:
D:1:      erik_arrival_cave_to_civilisation [erik_arrival_cave_to_hall],
          layout_basic, minmay_misc_feat_five, minmay_box_of_dots
D:2:      layout_basic, serial_shops, shop, shop, nicolae_shop_crystal,
          shop_statue, shop, minmay_misc_feat_pillars, uniq_terence
D:3:      layout_loops_ring, mainiacjoe_overflow_boulevard,
          basic_ecumenical_altar, kennysheep_generic_room_16, uniq_grinder,
          uniq_ijyb

Skill      XL: |  1  2  3  4 |
---------------+-------------+-----
Dodging        | 1 |  1.6
Fighting       | 3 |  3.2
Armour         | 4 |  4.3
Shields        | 4 |  4.1
Long Blades    | 3 |  3.1

Action                   |  1- 3 |  4- 6 || total
-------------------------+-------+-------++-------
Melee: Long sword        |   143 |    40 ||   183
 Abil: Heal Wounds       |     1 |     1 ||     2
  Use: Scroll            |     1 |       ||     1
       Potion            |       |     1 ||     1
Armor: Scale mail        |    79 |    11 ||    90
Dodge: Dodged            |    66 |    16 ||    82
Block: Buckler           |    40 |     3 ||    43

Table legend: (Time is in decaauts)
 A = Elapsed time spent in this place.
 B = Non-inter-level travel time spent in this place.
 C = Inter-level travel time spent in this place.
 D = Time resting spent in this place.
 E = Time spent auto-exploring this place.
 F = Levels seen in this place.
 G = Mean time per level.
                   A        B        C        D        E       F      G
               +--------+--------+--------+--------+--------+-----+--------+
         Total |   1760 |   1668 |     92 |      0 |   1221 |   3 |  586.7 |
       Dungeon |   1760 |   1668 |     92 |      0 |   1221 |   3 |  586.7 |
               +--------+--------+--------+--------+--------+-----+--------+

Top non-repeatable levels by time:
     D:1: 1000 daAuts
     D:2: 653 daAuts
     D:3: 106 daAuts
